Selects Airborne Battlegroup
Construct Medical Station
M1918 Browning Automatic Rifles
Selects Paratrooper Squad Paradrop
Selects Anti-tank Gun Team Paradrop
Anti-tank Gun Team Paradrop
Construct Weapon Support Center
Anti-tank Gun Team Paradrop
Construct Weapon Support Center
M4(105) Sherman Bulldozer
Selects Paradrop Reinforcements
Selects Carpet Bombing Run
M4(105) Sherman Bulldozer
M4(105) Sherman Bulldozer
M18 Hellcat Tank Destroyer
M18 Hellcat Tank Destroyer
M4(105) Sherman Bulldozer
Paratrooper Squad Paradrop
Anti-tank Gun Team Paradrop
M4(105) Sherman Bulldozer
M4(105) Sherman Bulldozer
Paratrooper Squad Paradrop
M4(105) Sherman Bulldozer
Anti-tank Gun Team Paradrop